 Dungeon Crawl Stone Soup version 0.18-a0-1702-gd20c6a5 (webtiles) character file.

171 Demise101 the Skirmisher (level 5, 0/50 HPs)
             Began as a Minotaur Arcane Marksman on Apr 6, 2016.
             Slain by a centaur skeleton (7 damage)
             ... on level 4 of the Dungeon.
             The game lasted 00:04:33 (3491 turns).

Demise101 the Skirmisher (Minotaur Arcane Marksman) Turns: 3491, Time: 00:04:33

Health: 0/50       AC:  5    Str: 16    XL:     5   Next: 26%
Magic:  5/5        EV: 11    Int: 15    God:
Gold:   176        SH:  0    Dex: 10    Spells: 1 memorised, 5 levels left

rFire  + . .     SeeInvis .     a - +0 hunting sling
rCold  + . .     Gourm    .     E - +0 ring mail
rNeg   . . .     Faith    .     (no shield)
rPois  +         Spirit   .     (helmet restricted)
rElec  +         Dismiss  .     (no cloak)
rCorr  +         Reflect  .     (no gloves)
SustAt .         Harm     .     (no boots)
MR     .....                    (no amulet)
Stlth  ..........               (no ring)
                                (no ring)

@: brilliant, exhausted, resistant, flying, very slightly contaminated, hasted
and slowed, not resistant to hostile enchantments, extremely unstealthy
A: retaliatory headbutt, horns 2
a: no special abilities


You were on level 4 of the Dungeon.
You were hungry.

You visited 1 branch of the dungeon, and saw 4 of its levels.

You collected 176 gold pieces.

Inventory:

Hand Weapons
 a - a +0 hunting sling (weapon)
 b - a +0 mace
 u - a +0 whip
 v - a +0 dagger
 D - a +2 dagger of freezing
Missiles
 d - 14 sling bullets
 m - 62 stones (quivered)
Armour
 j - a +0 robe
 E - a +0 ring mail (worn)
Scrolls
 f - 2 scrolls of enchant weapon {unknown}
 l - 3 scrolls of teleportation
 s - 2 scrolls of remove curse {unknown}
 t - a scroll of enchant armour {unknown}
 x - a scroll of noise {unknown}
 y - a scroll of fog {unknown}
 B - a scroll of identify {unknown}
Potions
 e - a potion of curing
 i - a potion of resistance
 k - a potion of agility {unknown}
 n - a potion of brilliance
 o - a potion of lignification {unknown}
 A - a potion of berserk rage
Books
 c - a book of Debilitation

   Spells                             Type                      Level
   a - Corona                         Hexes                        1
   b - Slow                           Hexes                        2
   c - Gell's Gravitas                Hexes/Translocation          3
   d - Inner Flame                    Hexes/Fire                   3
   e - Cause Fear                     Hexes                        4
   f - Leda's Liquefaction            Hexes/Earth                  4
Comestibles
 g - 3 meat rations
 p - a royal jelly
 r - a beef jerky
 C - 3 fruits
 F - a bread ration


   Skills:
 + Level 5.8 Fighting
 * Level 2.0 Maces & Flails
 - Level 2.1 Slings
 - Level 2.1 Dodging
 - Level 1.0 Spellcasting
 - Level 2.0 Hexes


You had 5 spell levels left.
You knew the following spells:

 Your Spells              Type           Power        Failure   Level  Hunger
a - Corona                Hex            ###....      3%          1    ##.....


Dungeon Overview and Level Annotations

Branches:
Dungeon (4/15)
 Temple: D:4-7

Altars:
Elyvilon
Fedhas

Annotations:
D:4 Snazznasty's ghost, novice TrMo


Innate Abilities, Weirdness & Mutations

You reflexively headbutt those who attack you in melee.
You have a pair of horns on your head.


Message History

The hound bites you.
* * * LOW HITPOINT WARNING * * *
The centaur skeleton hits you.
* * * LOW HITPOINT WARNING * * *
You are very lightly contaminated with residual magic.
Unknown command.
Drink which item? (? for menu, Esc to quit)
Okay, then.
Drink which item? (? for menu, Esc to quit)
You feel better. The hound bites you.
* * * LOW HITPOINT WARNING * * *
The centaur skeleton barely misses you. The hound bites you.
* * * LOW HITPOINT WARNING * * *
Drink which item? (? for menu, Esc to quit)
It was a potion of flight.
You feel very buoyant.
You fly up into the air.
The centaur skeleton closely misses you.
The hound barely misses you. The centaur skeleton hits you!
You die...

## .. ####. .
## .#.. .. ..
.(# .##
#.###.# ....
###...@# !....
#...#hZ#......
#.#..(....._..
##.#.#......
...#.#......
...###.# .....
.... ..# ##.##
... ... ... ..
### ..


You could see a hound and a centaur skeleton.

Vanquished Creatures
  5 gnolls
  2 adders
  An adder skeleton (D:4)
  A worm (D:2)
  3 dart slugs
  A giant gecko (D:2)
  7 orcs
  3 giant cockroaches
  6 goblins
  4 hobgoblins
  14 jackals
  10 kobolds
  2 quokkas
  3 ball pythons
  6 bats
  3 giant newts
  14 rats
85 creatures vanquished.

Vanquished Creatures (others)
  A quokka (D:2)
1 creature vanquished.

Grand Total: 86 creatures vanquished

Notes
Turn   | Place    | Note
--------------------------------------------------------------
     0 | D:1      | Demise101 the Minotaur Arcane Marksman began the quest for the Orb.
     0 | D:1      | Reached XP level 1. HP: 16/16 MP: 1/1
    53 | D:1      | Reached skill level 2 in Fighting
   228 | D:1      | Reached XP level 2. HP: 21/25 MP: 2/2
   513 | D:1      | Reached skill level 3 in Fighting
   716 | D:1      | Reached XP level 3. HP: 29/31 MP: 3/3
  1477 | D:2      | Reached skill level 4 in Fighting
  1627 | D:2      | Found a white marble altar of Elyvilon.
  1684 | D:2      | Reached XP level 4. HP: 38/41 MP: 4/4
  1697 | D:2      | Reached skill level 5 in Fighting
  2557 | D:3      | Reached skill level 1 in Maces & Flails
  2698 | D:3      | Reached XP level 5. HP: 49/49 MP: 5/5
  3387 | D:4      | Noticed an ogre
  3438 | D:4      | Noticed Snazznasty's ghost (novice TrMo)
  3476 | D:4      | Found a blossoming altar of Fedhas.
  3491 | D:4      | Slain by a centaur skeleton

Vault maps used:
D:1:      lightli_arrival_noodles
D:2:      elyvilon_altar_4
D:3:      minivault_27
D:4:      lemuel_castle_with_subvaults, old_standard_altar, first_bread,
          kennysheep_generic_room_4

Skill      XL: |  1  2  3  4  5 |
---------------+----------------+-----
Fighting       | 2 3 4 5 |  5.8
Maces & Flails | 1 2 |  2.0
Slings         | |  2.1
Dodging        | |  2.1
Spellcasting   | |  1.0
Hexes          | |  2.0

Action                   |  1- 3 |  4- 6 || total
-------------------------+-------+-------++-------
Melee: Mace              |       |     2 ||     2
 Fire: Hunting sling     |   137 |   163 ||   300
Throw: Throwing net      |     2 |     2 ||     4
  Use: Potion            |     1 |     8 ||     9
       Scroll            |       |     1 ||     1
  Eat: Bread ration      |     1 |       ||     1
       Chunk             |       |     3 ||     3
